 Dungeon Sprint DCSS version 0.26-a0-695-g987792ac36 (webtiles) character file.

Game seed: 2546769232383617986

132 sahdkjhfkaj the Grappler (level 8, 61/61 HPs)
             Began as an Octopode Artificer on Oct 26, 2020.
             Was an Elder of Makhleb.
             Quit the game in the Dungeon (Sprint VI: "Thunderdome").
             The game lasted 00:04:54 (1198 turns).

sahdkjhfkaj the Grappler (Octopode Artificer)       Turns: 1198, Time: 00:04:54

Health: 61/61      AC:  1    Str: 19    XL:     8   Next: 31%
Magic:  8/8        EV: 14    Int: 33    God:    Makhleb [****..]
Gold:   130        SH:  0    Dex: 14    Spells: 7/7 levels left

rFire    + . .     SeeInvis .     - Unarmed
rCold    . . .     Faith    .   (no shield)
rNeg     . . .     Spirit   .   (helmet restricted)
rPois    +         Reflect  .   (no amulet)
rElec    +         Harm     .   o - ring of the Enemy {rElec rF+ Int+6}
rCorr    +         Rampage  .   p - ring of Orthodoxy {rPois rCorr}
MR       .....     NoTele   +   q - ring "Ykuapiy" {Str+6 Int+6}
Stlth    +++.......             r - ring of Vuiggoce {EV-4 Dex+2} (curse)
HPRegen  0.20/turn              s - ring "Nuotoh" {Wiz Int+7}
MPRegen  0.11/turn              (no ring)
                                (no ring)
                                (no ring)

@: no status effects
A: almost no armour, stealthy swim, amphibious, 8 rings, constrict 8, camouflage
1, gelatinous body 1
a: Minor Destruction, Lesser Servant of Makhleb, Major Destruction, Renounce
Religion


You were in the Dungeon.
You worshipped Makhleb.
Makhleb was greatly pleased with you.
You visited 1 branch You collected 400 gold pieces.
You spent 270 gold pieces at shops.

Inventory:

Jewellery
 a - the amulet "Dyxifaro" {Inacc rN+ Dex+2 SInv Stlth-}
   (You bought it in a shop in the Dungeon)

   [amulet of inaccuracy]

   It reduces the accuracy of all your attacks.
   It affects your dexterity (+2).
   It protects you from negative energy.
   It lets you see invisible.
   It makes you less stealthy.
 o - the ring of the Enemy (left tentacle) {rElec rF+ Int+6}
   (You bought it in a shop in the Dungeon)

   [ring of intelligence]

   It affects your intelligence (+6).
   It protects you from fire.
   It insulates you from electricity.
 p - the ring of Orthodoxy (right tentacle) {rPois rCorr}
   (You bought it in a shop in the Dungeon)

   [ring of resist corrosion]

   It protects you from poison.
   It provides partial protection from all sources of acid and corrosion.
 q - the ring "Ykuapiy" (on tentacle) {Str+6 Int+6}
   (You bought it in a shop in the Dungeon)

   [ring of strength]

   It affects your strength (+6).
   It affects your intelligence (+6).
 r - the cursed ring of Vuiggoce (on tentacle) {EV-4 Dex+2}
   (You bought it in a shop in the Dungeon)

   [ring of evasion]

   It affects your evasion (-4).
   It affects your dexterity (+2).
   It has a curse placed upon it.
 s - the ring "Nuotoh" (on tentacle) {Wiz Int+7}
   (You bought it in a shop in the Dungeon)

   [ring of wizardry]

   It improves your spell success rate.
   It affects your intelligence (+7).
Wands
 b - a wand of flame (15)
 c - a wand of enslavement (13)
 d - a wand of random effects (9)
 k - a wand of acid (2)
 l - a wand of iceblast (3)
Scrolls
 j - 4 scrolls of blinking {!r}
 m - 3 scrolls of fog {!r}
Potions
 e - a potion of curing {!q}
 f - 3 potions of heal wounds {!q}
 g - 4 potions of haste {!q}
 h - 2 potions of magic {!q}
 i - a potion of berserk rage {!q}
 n - a potion of resistance {!q}


   Skills:
 + Level 8.0 Fighting
 + Level 8.4 Dodging
 - Level 1.3 Stealth
 * Level 11.1 Unarmed Combat
 + Level 9.4 Evocations


You had 7 spell levels left.
You didn't know any spells.
Your spell library was empty.

Dungeon Overview and Level Annotations

Branches:
Dungeon (1/1)

Altars:
Cheibriados
Dithmenos
Fedhas
Gozag
Kikubaaqudgha
Makhleb
Okawaru
Qazlal
Ru
Sif Muna
Trog
Uskayaw
Vehumet
Wu Jian
Xom
Yredelemnul
Zin
The Shining One
Beogh
Jiyva
Lugonu

Shops:
D *[??*?*:[((!!!!


Innate Abilities, Weirdness & Mutations

You cannot wear most types of armour.
You are very stealthy in the water. (Stealth+)
You are amphibious.
You can wear up to eight rings at the same time.
You can use your tentacles to constrict eight enemies at once.
Your skin changes colour to match your surroundings (Stealth+).
Your rubbery body absorbs attacks. (AC +1, EV +1)


Message History

notify_dgn_event: Lua error: [string "global_prelude"]:65: unknown monster: "spiny frog" notify_dgn_event: Lua error: [string "global_prelude"]:65: unknown monster: "spiny frog" notify_dgn_event: Lua error: [string "global_prelude"]:65: unknown monster: "spiny frog" notify_dgn_event: Lua error: [string "global_prelude"]:65: unknown monster: "spiny frog" notify_dgn_event: Lua error: [string "global_prelude"]:65: unknown monster: "spiny frog" notify_dgn_event: Lua error: [string "global_prelude"]:65: unknown monster: "spiny frog" notify_dgn_event: Lua error: [string "global_prelude"]:65: unknown monster: "spiny frog" notify_dgn_event: Lua error: [string "global_prelude"]:65: unknown monster: "spiny frog" notify_dgn_event: Lua error: [string "global_prelude"]:65: unknown monster: "spiny frog" notify_dgn_event: Lua error: [string "global_prelude"]:65: unknown monster: "spiny frog"
Things that are here:
a +0 short sword; a +0 plate armour notify_dgn_event: Lua error: [string "global_prelude"]:65: unknown monster: "spiny frog"
Things that are here:
a +0 robe; a +5 short sword of flaming notify_dgn_event: Lua error: [string "global_prelude"]:65: unknown monster: "spiny frog" notify_dgn_event: Lua error: [string "global_prelude"]:65: unknown monster: "spiny frog" notify_dgn_event: Lua error: [string "global_prelude"]:65: unknown monster: "spiny frog" notify_dgn_event: Lua error: [string "global_prelude"]:65: unknown monster: "spiny frog" Are you sure you want to abandon this character and quit the game? (Confirm with "yes".)

###.........###
#⌠...........⌠#
##.8.........8.######
_......###..)...___∩##
.....8.# #.8[.......∩###
.......###.............##
....###...###..........⌠#
....# #.<.# #..........⌠#
....###...###...@......⌠#
.......###.............##
.....8.# #.8........∩###
_......###......___∩##
##.8.........8.######
#⌠...........⌠#
###.........###
#_......._# #_......._#


There were no monsters in sight!

Vanquished Creatures
  An orc knight (D)
  An orc warrior (D)
  A troll (D)
  A jelly (D)
  2 hell rats (D)
  A river rat (D)
  4 oozes (D)
  2 quokkas (D)
13 creatures vanquished.

Vanquished Creatures (collateral kills)
  An orc warrior (D)
  An orc priest (D)
2 creatures vanquished.

Vanquished Creatures (others)
  Blork the orc (D)
1 creature vanquished.

Grand Total: 16 creatures vanquished

Notes
Turn   | Place    | Note
-------+----------+-------------------------------------------
     0 | D        | sahdkjhfkaj the Octopode Artificer began the quest for the
                  | Orb.
     0 | D        | Reached XP level 1. HP: 13/13 MP: 1/1
     1 | D        | Found a snail-covered altar of Cheibriados.
     1 | D        | Found a hide-covered altar of Uskayaw.
     2 | D        | Found a burning altar of Makhleb.
     3 | D        | Found a bloodstained altar of Trog.
     4 | D        | Found a radiant altar of Vehumet.
     4 | D        | Found a sacrificial altar of Ru.
     4 | D        | Found Foukuruf's Magic Scroll Shop.
     4 | D        | Found Zoqiox's Staff Store.
     5 | D        | Found Jowk's Magic Scroll Shop.
     5 | D        | Found Jenu's Must-Have Magic.
     5 | D        | Round 1.
    10 | D        | Became a worshipper of Makhleb the Destroyer
    15 | D        | Reached skill level 1 in Unarmed Combat
    18 | D        | Reached skill level 2 in Unarmed Combat
    18 | D        | Reached XP level 2. HP: 14/19 MP: 2/2
    54 | D        | Found a shimmering blue altar of Sif Muna.
    56 | D        | Reached * piety under Makhleb
    77 | D        | Found Vog Afiu's Jewellery.
    77 | D        | Found Fyusk's Advanced Armour.
    79 | D        | Found a viscous altar of Jiyva.
    79 | D        | Found a roughly hewn altar of Beogh.
    79 | D        | Found a glowing silver altar of Zin.
    79 | D        | Found Alovugui's Identification Station.
    86 | D        | Bought a slimy bronze amulet for 45 gold pieces
    86 | D        | Bought a sparkling copper ring for 45 gold pieces
    86 | D        | Bought a serpentine lapis lazuli ring for 45 gold pieces
    86 | D        | Bought a faintly glowing steel ring for 45 gold pieces
    91 | D        | Identified the amulet "Dyxifaro" {Inacc rN+ Dex+2 SInv
                  | Stlth-} (You bought it in a shop in the Dungeon)
    96 | D        | Identified the ring of the Enemy {rElec rF+ Int+6} (You
                  | bought it in a shop in the Dungeon)
    97 | D        | Identified the ring of Orthodoxy {rPois rCorr} (You bought
                  | it in a shop in the Dungeon)
    98 | D        | Identified the ring "Ykuapiy" {Str+6 Int+6} (You bought it
                  | in a shop in the Dungeon)
   120 | D        | Reached skill level 4 in Unarmed Combat
   120 | D        | Reached XP level 3. HP: 19/26 MP: 3/3
   129 | D        | Found a basalt altar of Yredelemnul.
   130 | D        | Found a blossoming altar of Fedhas.
   130 | D        | Found Fudu's Distillery.
   131 | D        | Found Jinobbom's Distillery.
   131 | D        | Found Boudghij's Bottled Wisdom.
   133 | D        | Arena points: 12 (+12) [x2]
   173 | D        | Round 2.
   174 | D        | Found an ancient bone altar of Kikubaaqudgha.
   174 | D        | Found a glowing golden altar of the Shining One.
   175 | D        | Found a shimmering altar of Xom.
   175 | D        | Found an ornate altar of the Wu Jian Council.
   176 | D        | Found an opulent altar of Gozag.
   176 | D        | Found a shadowy altar of Dithmenos.
   180 | D        | Reached ** piety under Makhleb
   180 | D        | Reached XP level 4. HP: 25/31 MP: 4/4
   184 | D        | Reached skill level 5 in Unarmed Combat
   184 | D        | Reached skill level 5 in Evocations
   185 | D        | Found an iron altar of Okawaru.
   185 | D        | Found a stormy altar of Qazlal.
   185 | D        | Found His Higg's Weapon Rack.
   185 | D        | Found Fazud's Premium Goods.
   186 | D        | Found Ruimoq's Basic Armour.
   186 | D        | Found Muzigiej's Miscellaneous Merchandise.
   218 | D        | Reached *** piety under Makhleb
   218 | D        | Arena points: 48 (+36) [x3]
   229 | D        | Bought a faintly glowing granite ring for 45 gold pieces
   229 | D        | Bought a scorched granite ring for 45 gold pieces
   229 | D        | Identified the cursed ring of Vuiggoce {EV-4 Dex+2} (You
                  | bought it in a shop in the Dungeon)
   250 | D        | Identified the ring "Nuotoh" {Wiz Int+7} (You bought it in
                  | a shop in the Dungeon)
   256 | D        | Found a corrupted altar of Lugonu.
   257 | D        | Found Fuedow's Do-It-Yourself Clinic.
   287 | D        | Round 3.
   301 | D        | Noticed a troll
   313 | D        | Killed a troll
   313 | D        | Reached skill level 5 in Fighting
   313 | D        | Reached skill level 8 in Unarmed Combat
   313 | D        | Reached XP level 5. HP: 33/41 MP: 5/5
   313 | D        | Reached XP level 6. HP: 38/46 MP: 6/6
   349 | D        | Noticed an orc knight
   367 | D        | Killed an orc knight
   367 | D        | Reached skill level 10 in Unarmed Combat
   367 | D        | Reached XP level 7. HP: 38/54 MP: 7/7
   410 | D        | Noticed Blork the orc
   420 | D        | Reached XP level 8. HP: 36/60 MP: 8/8
   424 | D        | Reached **** piety under Makhleb
   434 | D        | Your ally died
   439 | D        | Killed an orc warrior
   439 | D        | Arena points: 132 (+84) [x4]
   439 | D        | Reached skill level 11 in Unarmed Combat
   494 | D        | Round 4.
  1198 | D        | Quit the game

Illustrated notes

Levels and vault maps discovered:
D:        arena_sprint

Skill      XL: |  1  2  3  4  5  6  7  8 |
---------------+-------------------------+-----
Unarmed Combat | 2 4 8 10 11 | 11.1
Fighting       | 2 3 5 7 8 |  8.0
Dodging        | 3 4 6 7 8 |  8.4
Evocations     | 4 7 8 9 |  9.4
Stealth        | |  1.3

Action                   |  1- 3 |  4- 6 |  7- 9 || total
-------------------------+-------+-------+-------++-------
Melee: Club              |     8 |       |       ||     8
       Tentacles         |     8 |     3 |     4 ||    15
       Unarmed           |     7 |    14 |     9 ||    30
       Constrict         |     1 |     2 |     2 ||     5
       Punch             |       |     1 |       ||     1
Evoke: Wand              |     1 |     7 |     5 ||    13
  Use: Potion            |       |     1 |       ||     1
Armor: Skin              |     1 |       |       ||     1
Dodge: Dodged            |    10 |     9 |     4 ||    23

Table legend: (Time is in decaauts)
 A = Elapsed time spent in this place.
 B = Non-inter-level travel time spent in this place.
 C = Inter-level travel time spent in this place.
 D = Time resting spent in this place.
 E = Time spent auto-exploring this place.
 F = Levels seen in this place.
 G = Mean time per level.
                   A        B        C        D        E       F      G
               +--------+--------+--------+--------+--------+-----+--------+
         Total |   1194 |   1194 |      0 |    152 |      0 |   1 | 1194.0 |
       Dungeon |   1194 |   1194 |      0 |    152 |      0 |   1 | 1194.0 |
               +--------+--------+--------+--------+--------+-----+--------+

Top non-repeatable levels by time:
       D: 1194 daAuts
